 Dungeon Crawl Stone Soup version 0.29-a0-892-g2c4c91d9db (webtiles) character file.

Game seed: 7690959255813135355

40287 kevlar127 the Grappler (level 13, -6/219 HPs)
             Began as a Troll Berserker on July 23, 2022.
             Was an Elder of Trog.
             Mangled by a lindwurm (11 damage)
             ... on level 3 of the Lair of Beasts.
             The game lasted 01:26:23 (17992 turns).

kevlar127 the Grappler (Troll Berserker)           Turns: 17992, Time: 01:26:24

Health: -6/219     AC: 13    Str: 32    XL:     13   Next: 73%
Magic:  0/12       EV:  9    Int:  3    God:    Trog [****..]
Gold:   327        SH:  0    Dex:  9    Spells: 12/12 levels left

rFire   . . .      SeeInvis +     - Unarmed
rCold   . . .      Faith    .   (no shield)
rNeg    + . .      Spirit   +   q - +0 swamp dragon scales
rPois   +          Reflect  .   s - +1 hat
rElec   .          Harm     .   O - +0 cloak
rCorr   .          Rampage  .   (gloves unavailable)
Will    .....                   (boots unavailable)
Stlth   ..........              K - amulet of guardian spirit
HPRegen 1.26/turn               C - ring of positive energy
MPRegen 0.13/turn               W - ring of see invisible

@: berserking, studying Fighting, very quick
A: large, unfitting armour, claws 3, regeneration 1, shaggy fur 1, tough skin 1
a: Renounce Religion, Berserk, Trog's Hand, Brothers in Arms


You were on level 3 of the Lair of Beasts.
You worshipped Trog.
Trog was greatly pleased with you.
You visited 4 branches of the dungeon, and saw 17 of its levels.
You also visited: Sewer.

You collected 1772 gold pieces.
You spent 1445 gold pieces at shops.

Inventory:

Missiles
 e - 64 stones
 h - 26 poisoned darts
 t - 10 javelins
 x - 6 silver javelins
 A - 4 large rocks (quivered)
 H - 3 throwing nets
 Q - a curare-tipped dart
 T - 2 boomerangs of dispersal
 U - 2 silver boomerangs
Armour
 q - +0 swamp dragon scales (worn)
 s - a +1 hat (worn)
 O - a +0 cloak (worn)
Jewellery
 C - a ring of positive energy (left claw)
 K - an amulet of guardian spirit (around neck)
 W - a ring of see invisible (right claw)
 Y - a ring of fire
Wands
 a - a wand of light (15)
 y - a wand of iceblast (32)
 B - a wand of digging (15)
Scrolls
 c - a scroll of poison {unknown}
 d - 7 scrolls of fog
 f - 3 scrolls of vulnerability
 l - 4 scrolls of teleportation
 p - 3 scrolls of brand weapon {unknown}
 w - 2 scrolls of noise {unknown}
 E - 3 scrolls of immolation {unknown}
 F - 4 scrolls of blinking
 I - a scroll of summoning {unknown}
 L - 2 scrolls of magic mapping
 M - a scroll of silence {unknown}
 N - 3 scrolls of enchant armour
Potions
 b - 6 potions of curing
 j - 5 potions of attraction
 m - 3 potions of lignification
 o - 2 potions of cancellation
 r - 2 potions of haste
 u - 3 potions of might
 v - a potion of berserk rage {unknown}
 D - 2 potions of invisibility
 G - a potion of brilliance {unknown}
 J - a potion of ambrosia {unknown}
 R - 3 potions of heal wounds
 X - a potion of flight {unknown}
 Z - a potion of resistance


   Skills:
 + Level 14.1 Fighting
 - Level 10.0 Throwing
 - Level 6.0 Armour
 - Level 3.0 Dodging
 + Level 14.6 Unarmed Combat


You had 12 spell levels left.
You didn't know any spells.
Your spell library was empty.

Dungeon Overview and Level Annotations

Branches:
Dungeon (11/15)            Temple (1/1) D:7            Lair (3/5) D:11
 Spider (0/4) Lair:2          Orc (2/2) D:9             Elf (0/3) Orc:2
  Sewer (visited)
  Swamp: Lair:2-3    Shoals: Lair:2-3

Altars:
Ashenzari
Dithmenos
Gozag
Hepliaklqana
Kikubaaqudgha
Makhleb
Nemelex Xobeh
Okawaru
Ru
Uskayaw
Vehumet
Wu Jian
Yredelemnul
The Shining One

Shops:
D:5 ?   Orc:1 *   Orc:2 *=[!


Innate Abilities, Weirdness & Mutations

You are too large for most types of armour.
You have claws for hands.
Your natural rate of healing is unusually fast.
You are covered in fur. (AC +1)
You have tough skin. (AC +1)


Message History

The seven-headed hydra bites you!
* * * LOW HITPOINT WARNING * * *
The seven-headed hydra barely misses you. x2
The seven-headed hydra misses you.
A red film seems to cover your vision as you go berserk!
You feel yourself moving faster!
You feel mighty!
The seven-headed hydra bites you but does no damage.
The seven-headed hydra barely misses you.
The seven-headed hydra completely misses you.
The seven-headed hydra bites you but does no damage. x2
The seven-headed hydra barely misses you. x2
You tear one of the seven-headed hydra's heads off!
The six-headed hydra grows two more!
You claw the eight-headed hydra!
The eight-headed hydra is heavily wounded.
You tear one of the eight-headed hydra's heads off!
The seven-headed hydra grows two more!
You mangle the nine-headed hydra!! You claw the nine-headed hydra!
You kill the nine-headed hydra!
Trog accepts your kill. The lindwurm breathes flames at you.
The blast of flame hits you!
* * * LOW HITPOINT WARNING * * *
The lindwurm closely misses you.
The lindwurm claws you but does no damage.
The lindwurm barely misses you.
There is an open door, spattered with blood here.
Things that are here:
a hydra corpse; a water moccasin corpse You barely miss the lindwurm.
You closely miss the lindwurm. The lindwurm bites you!
* * * LOW HITPOINT WARNING * * *
The lindwurm barely misses you.
The lindwurm claws you but does no damage.
Unknown command.
You mangle the lindwurm!!
The lindwurm is heavily wounded.
You completely miss the lindwurm.
The lindwurm is heavily wounded.
The lindwurm bites you!
You die... .# #.# ###.### #.# .# ♣.♣♣ #†....# ♣.♣♣ .#♣♣♣.♣# #†♣♣♣.# ♣.♣ #♣.♣.♣# .#..♣♣.# #.....# ♣.♣ #..♣..# .#.♣...# ##'##.#♣♣.♣♣#.♣♣♣.# ##.♣♣♣♣#.# #..#.#♣...♣#..♣..# ##♣.♣ #BD

#..#.♣.....#♣.♣.♣# .#.♣♣
##$.D####.#.♣.PPP.#..#..#
##..♣♣♣#!.DD.DY#@#...P≈....#.#.#
##♣♣...##?(k##k#k##♣.PPP.#..#..#
##♣♣♣♣.##.. #.#(.#♣.....#♣.♣.♣#
.#♣....#.# #.#..##♣...♣#..♣..#
.#♣.♣♣♣# #.##'##♣♣.♣♣#.♣♣♣.#
.#♣♣.♣♣ #D....# ♣.♣ #..♣..# .#
♣♣.♣ #.♣♣♣.# ♣.♣ #♣.♣.♣# .# ♣.♣♣
#.....# ♣.♣ ♣♣.♣♣
####.#########################


You could see a lindwurm (catching breath).

Vanquished Creatures
  Jorgrun (Orc:2)
  An orc warlord (D:9)
  A fire dragon (D:11)
  A boulder beetle (D:11)
  Harold (D:9)
  5 hydras
  Erica (Orc:1)
  3 orc high priests (Orc:2)
  6 death yaks
  Urug (Lair:3)
  An orb spider (Lair:2)
  2 orc knights (Orc:2)
  Pikel (D:8)
  4 orc sorcerers (Orc:2)
  2 manticores (D:11)
  5 black mambas (Lair:3)
  Maurice (D:8)
  Maggie (D:7)
  A torpor snail (Lair:1)
  3 cane toads (Lair:3)
  2 unseen horrors
  2 kobold demonologists (D:10)
  3 rime drakes
  4 komodo dragons
  A troll (D:11)
  A hornet (Temple)
  3 dream sheep
  Grinder (D:5)
  A wraith (D:10)
  21 yaks
  3 wyverns
  A steam dragon (D:7)
  3 basilisks (Lair:3)
  Menkaure (D:4)
  7 water moccasins
  6 wargs
  An acid dragon (D:10)
  Duvessa (D:5)
  25 orc warriors
  An ice beast (D:6)
  3 sky beasts
  7 ogres
  3 wolves (Lair:3)
  2 centaurs
  5 kobold brigands
  9 bullfrogs
  A necrophage (D:6)
  A scorpion (D:6)
  8 wights
  Dowan (D:5)
  7 killer bees
  3 howler monkeys (D:11)
  4 electric eels
  2 quasits (D:4)
  3 hounds
  17 orc priests
  19 orc wizards
  Ijyb (D:4)
  2 iguanas (D:6)
  A hell rat (Sewer)
  3 gnolls (D:2)
  4 adders
  3 river rats (Sewer)
  5 shadow imps
  2 white imps (D:4)
  4 ufetubi
  A worm (D:3)
  A dart slug (D:5)
  57 orcs
  2 ball pythons
  3 bats
  6 endoplasms
  A giant cockroach (D:1)
  6 goblins
  5 hobgoblins
  22 kobolds
  3 quokkas
  3 frilled lizards
  9 rats
369 creatures vanquished.

Vanquished Creatures (collateral kills)
  3 hydras
  An orc knight (Orc:2)
  An orc warrior (Orc:2)
  An orc wizard (Orc:2)
6 creatures vanquished.

Vanquished Creatures (others)
  A vampire (D:11)
  5 demonic plants (D:4)
  3 fungi (Lair:2)
  19 plants
28 creatures vanquished.

Grand Total: 403 creatures vanquished

Notes
Turn   | Place    | Note
-------+----------+-------------------------------------------
     0 | D:1      | kevlar127 the Troll Berserker began the quest for the Orb.
     0 | D:1      | Reached XP level 1. HP: 22/22 MP: 0/0
    92 | D:1      | Reached XP level 2. HP: 28/29 MP: 1/1
   823 | D:2      | Reached XP level 3. HP: 36/36 MP: 2/2
   958 | D:2      | Reached ** piety under Trog
  1735 | D:3      | Reached XP level 4. HP: 32/45 MP: 3/3
  2049 | D:3      | Found a glowing drain.
  2053 | Sewer    | Entered a sewer
  2861 | D:4      | Reached XP level 5. HP: 52/52 MP: 4/4
  2932 | D:4      | Reached skill level 1 in Throwing
  2956 | D:4      | Identified the +3 dagger of the Final Chapter {vorpal,
                  | Str+5 Dex+4}
  3131 | D:4      | Noticed an ogre
  3143 | D:4      | Killed an ogre
  3144 | D:4      | Reached XP level 6. HP: 12/62 MP: 5/5
  3253 | D:4      | Noticed Menkaure
  3258 | D:4      | Killed Menkaure
  3259 | D:4      | Reached skill level 5 in Unarmed Combat
  3395 | D:4      | Noticed Ijyb
  3414 | D:4      | Killed Ijyb
  3415 | D:4      | Reached XP level 7. HP: 51/71 MP: 6/6
  3688 | D:5      | Entered Level 5 of the Dungeon
  3757 | D:5      | Noticed Grinder
  3774 | D:5      | Killed Grinder
  3883 | D:5      | Found an ornate altar of the Wu Jian Council.
  3886 | D:5      | Found an opulent altar of Gozag.
  3894 | D:5      | Found a basalt altar of Yredelemnul.
  3897 | D:5      | Found a radiant altar of Vehumet.
  3899 | D:5      | Found a burning altar of Makhleb.
  3904 | D:5      | Found a hazy altar of Hepliaklqana.
  4003 | D:5      | Noticed Duvessa
  4006 | D:5      | Noticed Dowan
  4022 | D:5      | Killed Dowan
  4028 | D:5      | Killed Duvessa
  4029 | D:5      | Reached skill level 5 in Fighting
  4598 | D:5      | Found Foecoroesh's Magic Scroll Boutique.
  4606 | D:5      | Bought a scroll of identify for 24 gold pieces
  4606 | D:5      | Bought a scroll of teleportation for 36 gold pieces
  4645 | D:5      | Reached *** piety under Trog
  4791 | D:6      | Reached XP level 8. HP: 70/80 MP: 7/7
  4840 | D:6      | Reached skill level 1 in Armour
  5141 | D:7      | Noticed Maggie
  5156 | D:7      | Killed Maggie
  5487 | D:7      | Reached skill level 5 in Throwing
  5542 | D:7      | Reached XP level 9. HP: 67/89 MP: 8/8
  5657 | D:7      | Found a staircase to the Ecumenical Temple.
  5775 | Temple   | Entered the Ecumenical Temple
  5893 | D:7      | Found a sacrificial altar of Ru.
  6186 | D:8      | Noticed Pikel
  6200 | D:8      | Killed Pikel
  6208 | D:8      | Noticed Maurice
  6217 | D:8      | Killed Maurice
  6217 | D:8      | Reached **** piety under Trog
  6218 | D:8      | Reached XP level 10. HP: 98/102 MP: 7/9
  6941 | D:8      | Noticed a two-headed hydra
  6945 | D:8      | Killed a two-headed hydra
  7231 | D:9      | Found a glowing golden altar of the Shining One.
  7465 | D:9      | Found a staircase to the Orcish Mines.
  8098 | Orc:1    | Entered Level 1 of the Orcish Mines
  8098 | Orc:1    | Noticed Harold
  8098 | Orc:1    | Noticed an orc warlord
  8098 | Orc:1    | Found Giurgh's Overcharged Wands.
  8691 | D:9      | Reached skill level 10 in Unarmed Combat
  8721 | D:9      | Killed Harold
  8722 | D:9      | Reached XP level 11. HP: 93/113 MP: 7/10
  9280 | D:9      | HP: 3/169 [orc warlord/+0 great sword (19)]
  9281 | D:9      | Killed an orc warlord
  9780 | Orc:1    | Noticed Erica
  9789 | Orc:1    | Killed Erica
  9962 | Orc:2    | Entered Level 2 of the Orcish Mines
  9966 | Orc:2    | Found a staircase to the Elven Halls.
 10172 | Orc:2    | Reached skill level 5 in Armour
 10353 | Orc:2    | Noticed Jorgrun
 10371 | Orc:2    | Killed Jorgrun
 10503 | Orc:2    | Noticed an orc sorcerer
 10504 | Orc:2    | Found Zear's Distillery.
 10512 | Orc:2    | Noticed an orc knight
 10514 | Orc:2    | Killed an orc sorcerer
 10523 | Orc:2    | Noticed an orc sorcerer
 10525 | Orc:2    | Killed an orc knight
 10526 | Orc:2    | Noticed an orc sorcerer
 10526 | Orc:2    | Noticed an orc knight
 10529 | Orc:2    | Noticed an orc high priest
 10533 | Orc:2    | Killed an orc sorcerer
 10536 | Orc:2    | Noticed an orc knight
 10537 | Orc:2    | Noticed an orc high priest
 10551 | Orc:2    | Noticed an orc knight
 10597 | Orc:2    | Killed an orc sorcerer
 10693 | Orc:2    | Noticed an orc sorcerer
 10698 | Orc:2    | Killed an orc sorcerer
 10745 | Orc:2    | Killed an orc high priest
 10783 | Orc:2    | Killed an orc knight
 10784 | Orc:2    | Reached XP level 12. HP: 40/126 MP: 3/11
 10907 | Orc:2    | Reached skill level 10 in Fighting
 10974 | Orc:2    | Noticed an orc high priest
 10993 | Orc:2    | Killed an orc high priest
 11185 | Orc:2    | Found Vyraynu's Assorted Antiques.
 11187 | Orc:2    | Found Nirph's Armour Boutique.
 11187 | Orc:2    | Found Sirugu's Jewellery Boutique.
 11555 | D:5      | Bought a scroll of acquirement for 624 gold pieces
 11555 | D:5      | Acquired a manual of Fighting
 11665 | D:10     | Entered Level 10 of the Dungeon
 12394 | Orc:2    | Killed an orc high priest
 12444 | Orc:2    | Bought a ring of see invisible for 225 gold pieces
 12753 | D:11     | Found a broken altar of Ashenzari.
 12756 | D:11     | Noticed a boulder beetle
 12771 | D:11     | Noticed a fire dragon
 12776 | D:11     | Killed a boulder beetle
 12793 | D:11     | Killed a fire dragon
 13242 | D:11     | Found a staircase to the Lair.
 13559 | Lair:1   | Entered Level 1 of the Lair of Beasts
 13881 | Lair:1   | Noticed a five-headed hydra
 13895 | Lair:1   | Killed a seven-headed hydra
 15383 | Lair:2   | Found a hole to the Spider Nest.
 15407 | Lair:2   | Reached XP level 13. HP: 39/140 MP: 4/12
 16555 | Lair:3   | Noticed Urug
 16569 | Lair:3   | Killed Urug
 16857 | Lair:3   | Reached skill level 10 in Throwing
 16955 | Lair:3   | Reached ***** piety under Trog
 17291 | D:5      | Bought a scroll of fog for 48 gold pieces
 17291 | D:5      | Bought a scroll of magic mapping for 90 gold pieces
 17291 | D:5      | Bought a scroll of blinking for 90 gold pieces
 17291 | D:5      | Bought a scroll of vulnerability for 48 gold pieces
 17420 | Orc:2    | Bought a potion of heal wounds for 65 gold pieces
 17420 | Orc:2    | Bought a potion of might for 52 gold pieces
 17420 | Orc:2    | Bought a potion of degeneration for 13 gold pieces
 17420 | Orc:2    | Bought a potion of haste for 130 gold pieces
 17990 | Lair:3   | HP: 4/219 [lindwurm (12)]
 17992 | Lair:3   | Mangled by a lindwurm

Illustrated notes

Levels and vault maps discovered:
D:1:      lightli_molten_gateway, layout_basic
D:2:      layout_basic, minivault_23, kennysheep_nub,
          nicolae_figureground_sparkle
D:3:      wad_lake_hut, layout_basic, gup_sewer_entry_bowl, serial_bayou_pond_d,
          amcnicky_mini_pool_small, nicolae_kite_square_tiling_tiny
D:4:      layout_loops_ring, serial_demonic, serial_demonic_c, serial_demonic_c,
          serial_demonic_c, serial_demonic_e, serial_demonic_b,
          serial_demonic_f, uniq_menkaure, uniq_ijyb
D:5:      layout_loops_cross, nicolae_overflow_hallway_of_the_gods,
          serial_shops, shop, hangedman_decor_growths,
          eino_small_chamber_without_monster, columned_hall_lemuel,
          uniq_duvessa, uniq_grinder
D:6:      layout_rooms, serial_glass, glass_columns_c, glass_columns_c
D:7:      layout_rooms, nicolae_ru_sacrificial_ziggurat, temple_fountains,
          chequers_serial_rivers_room_b, uniq_maggie
D:8:      layout_rooms, corexii_hall_statues_l, hangedman_ranch, uniq_pikel,
          uniq_maurice
D:9:      layout_irregular_city, tso_altar, david_orc_2, minmay_splitting_lines,
          fountainhead
D:10:     layout_loops_ring
D:11:     layout_cave_pools, minmay_lair_entry_lava, evilmike_ruin_ashenzari
Temple:   eino_temple_lava
Lair:1:   layout_cave_pods, serial_bayou_lagoon_b
Lair:2:   layout_cave_pods, nicolae_spider_entry_orb_guardian
Lair:3:   nzn_winding_woodlands_huge [nzn_winding_woodlands_5x15_jagged,
          nzn_winding_woodlands_5x15_crooked, nzn_winding_woodlands_5x15_eye,
          nzn_winding_woodlands_5x15_longhouse,
          nzn_winding_woodlands_5x15_river_crossing,
          nzn_winding_woodlands_5x15_concentric,
          nzn_winding_woodlands_5x15_pool, nzn_winding_woodlands_5x15_cabin,
          nzn_winding_woodlands_5x15_twine, nzn_winding_woodlands_5x15_garden,
          nzn_winding_woodlands_center_lodge,
          nzn_winding_woodlands_center_pierced_h,
          nzn_winding_woodlands_15x15_thick_spiral], layout_cave_shapes,
          palyth_hydra_swamp_entry, uniq_urug
Orc:1:    layout_caves, serial_shops, shop, nicolae_shop_overcharged_wands,
          uniq_harold, uniq_erica
Orc:2:    st_orc_elflike, layout_caves, nooodl_orcs_dogs, uniq_jorgrun

Skill      XL: |  1  2  3  4  5  6  7  8  9 10 11 12 13 |
---------------+----------------------------------------+-----
Dodging        | 3 |  3.0
Fighting       | 3 4 5 6 7 8 9 12 14 | 14.1
Unarmed Combat | 4 5 6 7 8 10 11 13 14 | 14.6
Throwing       | 1 2 3 5 6 8 9 10 | 10.0
Armour         | 2 3 4 6 |  6.0

Action                   |  1- 3 |  4- 6 |  7- 9 | 10-12 | 13-15 || total
-------------------------+-------+-------+-------+-------+-------++-------
Melee: Unarmed           |    93 |   129 |   210 |   538 |   140 ||  1110
       Punch             |     2 |     1 |    10 |    27 |    13 ||    53
Throw: Stone             |       |       |    12 |    26 |       ||    38
       Dart              |       |       |    12 |   106 |    13 ||   131
       Javelin           |       |       |       |     4 |     7 ||    11
       Boomerang         |       |       |       |   101 |       ||   101
       Large rock        |       |       |       |     3 |    11 ||    14
Invok: Berserk           |       |     1 |     2 |     8 |     1 ||    12
       Trog's Hand       |       |       |     1 |    11 |     1 ||    13
       Brothers in Arms  |       |       |       |     4 |     2 ||     6
  Use: Scroll            |       |       |     3 |     9 |    10 ||    22
 Stab: Sleeping          |     1 |       |       |       |       ||     1
Armor: Animal skin       |    30 |     5 |       |       |       ||    35
       Swamp dragon scal |       |    61 |    69 |   244 |    60 ||   434
       Skin              |       |       |    17 |       |       ||    17
Dodge: Dodged            |    31 |    48 |    71 |   256 |    70 ||   476

Table legend: (Time is in decaauts)
 A = Elapsed time spent in this place.
 B = Non-inter-level travel time spent in this place.
 C = Inter-level travel time spent in this place.
 D = Time resting spent in this place.
 E = Time spent auto-exploring this place.
 F = Levels seen in this place.
 G = Mean time per level.
                   A        B        C        D        E       F      G
               +--------+--------+--------+--------+--------+-----+--------+
         Total |  17986 |  16235 |   1751 |   4341 |   9256 |  18 |  999.2 |
       Dungeon |  11384 |  10138 |   1246 |   2527 |   6088 |  11 | 1034.9 |
        Temple |     66 |     66 |      0 |     55 |      0 |   1 |   66.0 |
          Lair |   4026 |   3737 |    289 |    921 |   2275 |   3 | 1342.0 |
  Orcish Mines |   2177 |   1961 |    216 |    614 |    833 |   2 | 1088.5 |
         Sewer |    333 |    333 |      0 |    223 |     58 |   1 |  333.0 |
               +--------+--------+--------+--------+--------+-----+--------+

Top non-repeatable levels by time:
     D:9: 2511 daAuts
   Orc:2: 1705 daAuts
  Lair:1: 1479 daAuts
  Lair:2: 1289 daAuts
  Lair:3: 1257 daAuts
     D:5: 1146 daAuts
     D:7: 1031 daAuts
     D:8: 1000 daAuts
    D:10: 923 daAuts
    D:11: 915 daAuts
     D:3: 871 daAuts
     D:2: 862 daAuts
     D:4: 856 daAuts
     D:1: 813 daAuts
   Orc:1: 471 daAuts
